 Dungeon Crawl Stone Soup version 0.28.0-45-g0d030f2227 (webtiles) character file.

Game seed: 5817009828824603783

66 protoss039 the Digger (level 3, -5/27 HPs)
             Began as a Demonspawn Earth Elementalist on May 30, 2022.
             Slain by Crazy Yiuf
             ... wielding a +2 quarterstaff of chaos
              (9 damage)
             ... on level 2 of the Dungeon.
             The game lasted 00:03:21 (3441 turns).

protoss039 the Digger (DsEE)                        Turns: 3441, Time: 00:03:22

Health: -5/27      AC:  3    Str:  8    XL:     3   Next: 96%
Magic:  0/6        EV: 12    Int: 18    God:
Gold:   131        SH:  0    Dex: 13    Spells: 0/6 levels left

rFire   . . .      SeeInvis .   j - +1 mace (protect)
rCold   . . .      Faith    .   (no shield)
rNeg    . . .      Spirit   .   d - +0 leather armour
rPois   .          Reflect  .   (no helmet)
rElec   .          Harm     .   (no cloak)
rCorr   .          Rampage  .   (no gloves)
Will    .....                   (no boots)
Stlth   ++........              (no amulet)
HPRegen 0.09/turn               (no ring)
MPRegen 0.10/turn               (no ring)

@: no status effects
A: sturdy frame 1, condensation shield
a: no special abilities


You were on level 2 of the Dungeon.
You visited 1 branch of the dungeon, and saw 2 of its levels.

You collected 131 gold pieces.

Inventory:

Hand Weapons
 j - a +1 mace of protection (weapon)
Missiles
 c - 42 stones
 l - a throwing net
Armour
 b - a +0 robe
 d - a +0 leather armour (worn)
Wands
 k - a wand of iceblast (4)
Scrolls
 e - a scroll of enchant weapon {unknown}
 f - a scroll of identify {unknown}
 g - a scroll of torment {unknown}
 h - a scroll of amnesia {unknown}
Potions
 a - 3 potions of heal wounds {unknown}
 i - a potion of curing {unknown}
 m - a potion of mutation {unknown}


   Skills:
 * Level 2.0 Fighting
 + Level 1.2 Armour
 - Level 1.7 Dodging
 - Level 1.7 Stealth
 + Level 2.4 Spellcasting
 * Level 0.9 Conjurations
 - Level 1.0 Transmutations
 + Level 3.0 Earth Magic


You couldn't memorise any spells.
You knew the following spells:

 Your Spells              Type           Power      Damage    Failure   Level
a - Sandblast             Erth           26%        2d8       5%          1
b - Passwall              Tmut/Erth      7%         N/A       12%         2
c - Stone Arrow           Conj/Erth      18%        3d8       24%         3

Your spell library contained the following spells:

 Spells                   Type           Power      Damage    Failure   Level
 Sting                    Tmut/Pois      12%        1d3       16%         1
 Vampiric Draining        Necr           2%         2d6       50%         3
 Petrify                  Tmut/Erth      9%         N/A       63%         4
 Death Channel            Necr           1%         N/A       100%        6
 Haunt                    Necr/Summ      1%         N/A       100%        7


Dungeon Overview and Level Annotations

Branches:
Dungeon (2/15)

Altars:

Annotations:
D:2 Crazy Yiuf


Innate Abilities, Weirdness & Mutations

Your movements are slightly less encumbered by armour. (ER -2)
A meltable shield of frost defends you. (SH +0)


Message History

Press: ? - help, Shift-Dir - straight line, f/p - Crazy Yiuf
Aim: Crazy Yiuf, wielding a +2 quarterstaff of chaos and wearing a +0 cloak (82% to hit)
The blast of sand hits Crazy Yiuf!
Crazy Yiuf is heavily wounded.
Crazy Yiuf misses you.
Casting: Sandblast (safe; 5% risk of failure)
Confirm with . or Enter, or press ? or * to list all spells.
Aiming: Sandblast (safe; 5% risk of failure)
Press: ? - help, Shift-Dir - straight line, f/p - Crazy Yiuf
Aim: Crazy Yiuf, wielding a +2 quarterstaff of chaos and wearing a +0 cloak (heavily wounded, 82% to hit)
The blast of sand hits Crazy Yiuf.
Crazy Yiuf is heavily wounded.
Crazy Yiuf closely misses you.
Casting: Sandblast (safe; 5% risk of failure)
Confirm with . or Enter, or press ? or * to list all spells.
Aiming: Sandblast (safe; 5% risk of failure)
Press: ? - help, Shift-Dir - straight line, f/p - Crazy Yiuf
Aim: Crazy Yiuf, wielding a +2 quarterstaff of chaos and wearing a +0 cloak (heavily wounded, 82% to hit)
The blast of sand misses Crazy Yiuf.
Crazy Yiuf barely misses you.
Unknown command.
Casting: Sandblast (safe; 5% risk of failure)
Confirm with . or Enter, or press ? or * to list all spells.
Aiming: Sandblast (safe; 5% risk of failure)
Press: ? - help, Shift-Dir - straight line, f/p - Crazy Yiuf
Aim: Crazy Yiuf, wielding a +2 quarterstaff of chaos and wearing a +0 cloak (heavily wounded, 82% to hit)
The blast of sand hits Crazy Yiuf.
Crazy Yiuf is severely wounded.
Crazy Yiuf hits you with a +2 quarterstaff of chaos!
You convulse!
* * * LOW HITPOINT WARNING * * *
Unknown command.
Casting: Sandblast (safe; 5% risk of failure)
Confirm with . or Enter, or press ? or * to list all spells.
Aiming: Sandblast (safe; 5% risk of failure)
Press: ? - help, Shift-Dir - straight line, f/p - Crazy Yiuf
Aim: Crazy Yiuf, wielding a +2 quarterstaff of chaos and wearing a +0 cloak (severely wounded, 82% to hit)
The blast of sand hits Crazy Yiuf but does no damage.
Crazy Yiuf is severely wounded.
Crazy Yiuf hits you with a +2 quarterstaff of chaos!
You die...

#.#..##.#.#.#.#.#####.#
#.#..#....#.#.### #..
#.###....####.## #.#
#.# ##..## #..########
####.# ♣....♣
#..#....### #....#
♣...♣♣ #.......'..
##...# ♣♣.♣♣
##......### #####.###
♣.♣♣ ##......#
#.......# ♣♣@♣
#.......# #####...#
♣g♣♣ ##..#.#.### #...#
♣♣.♣ #.......... #...#
#'# ##..#.#.#.. #...#
... ##..#.#.#.. #...#
#...# #.......... #...#
#..)# #...#.#.#.. #...#
##### ##.)....... #...#
#..#.#.#..


You could see Crazy Yiuf.

Vanquished Creatures
  An adder (D:2)
  A worm (D:2)
  A dart slug (D:1)
  7 endoplasms
  3 giant cockroaches
  3 goblins (D:1)
  4 hobgoblins
  12 kobolds
  2 quokkas
  A ball python (D:2)
  4 bats
  4 frilled lizards
  8 rats
51 creatures vanquished.

Notes
Turn   | Place    | Note
-------+----------+-------------------------------------------
     0 | D:1      | protoss039 the Demonspawn Earth Elementalist began the
                  | quest for the Orb.
     0 | D:1      | Reached XP level 1. HP: 13/13 MP: 3/3
    56 | D:1      | Reached skill level 1 in Transmutations
    80 | D:1      | Got the Catalogue of Toxins and Evil
   605 | D:1      | Gained mutation: A meltable shield of frost defends you.
                  | (SH +0) [demonic ancestry]
   605 | D:1      | Reached XP level 2. HP: 8/20 MP: 1/5
   822 | D:1      | Reached skill level 1 in Fighting
  1183 | D:1      | Found a faded altar of an unknown god.
  1764 | D:1      | Gained mutation: Your movements are slightly less
                  | encumbered by armour. (ER -2) [demonic ancestry]
  1764 | D:1      | Reached XP level 3. HP: 22/26 MP: 6/6
  1888 | D:1      | Learned a level 2 spell: Passwall
  1907 | D:1      | Reached skill level 1 in Armour
  1911 | D:1      | Learned a level 3 spell: Stone Arrow
  2383 | D:2      | Reached skill level 3 in Earth Magic
  2751 | D:2      | Found a runed translucent door.
  2752 | D:2      | Noticed Crazy Yiuf
  3441 | D:2      | Slain by Crazy Yiuf

Illustrated notes

Levels and vault maps discovered:
D:1:      kennysheep_arrival_seaside, layout_basic,
          shapermc_ecumenical_altar_acropolis, minivault_24
D:2:      layout_basic, uniq_crazy_yiuf_cottage

Skill      XL: |  1  2  3 |
---------------+----------+-----
Transmutations | 1 |  1.0
Fighting       | 1 2 |  2.0
Armour         | 1 |  1.2
Earth Magic    | 3 |  3.0
Dodging        | |  1.7
Stealth        | |  1.7
Spellcasting   | |  2.4
Conjurations   | |  0.9

Action                   || total
-------------------------++-------
Melee: Unarmed           ||    18
       Dagger            ||    23
       Whip              ||     6
       Mace              ||    93
       Punch             ||     2
 Cast: Sandblast         ||    27
 Stab: Sleeping          ||     5
       Distracted        ||     1
Armor: Leather armour    ||    43
Dodge: Dodged            ||    98
Block: Other             ||    26
